 Dungeon Crawl Stone Soup version 0.29.1-4-g47bece8355 (webtiles) character file.

Game seed: 16698501356158015935

242166 CungeonDrawl the Warrior (level 20, -24/162 HPs)
             Began as a Djinni Air Elementalist on Dec 6, 2022.
             Was the Champion of Makhleb.
             Killed from afar by an ironbound thunderhulk (69 damage)
             ... with a bolt of lightning
             ... on level 1 of the Vaults on Dec 8, 2022.
             The game lasted 07:00:04 (45030 turns).

CungeonDrawl the Warrior (Djinni Air Elementalist) Turns: 45030, Time: 07:00:04

Health: -24/162    AC: 11    Str: 10    XL:     20   Next: 15%
Gold:   750        EV: 22    Int: 36    God:    Makhleb [******] SH:  6 Dex: 16

rFire   + + .      SeeInvis .   (no weapon)
rCold   . . .      Faith    .   Q - +1 buckler
rNeg    . . .      Spirit   .   a - +1 troll leather armour "Xugaorep" {Will- Regen+ Str+3 Int+7}
rPois   ∞          Reflect  .   G - +2 helmet {Int+3}
rElec   .          Harm     .   h - +0 cloak
rCorr   +          Rampage  .   k - +0 pair of gloves of Hedging {rPois Dex+2}
Will    ++...                   (boots unavailable)
Stlth   ++........              X - amulet of regeneration
HPRegen 1.97/turn               c - ring of willpower
MPRegen 0.00/turn               p - ring "Okedibb" {rC+ rCorr}

@: swift, flying, quick
A: sickness immunity, fire resistance 2, cold vulnerability 1, float, innate
caster, HP casting, extra vitality 1
}: 2/15 runes: serpentine, barnacled
a: Renounce Religion, Minor Destruction, Lesser Servant of Makhleb, Major
Destruction, Greater Servant of Makhleb


You were on level 1 of the Vaults.
You worshipped Makhleb.
Makhleb was exalted by your worship.
You visited 7 branches of the dungeon, and saw 32 of its levels.
You also visited: Ice Cave.

You collected 3409 gold pieces.
You spent 2659 gold pieces at shops.

Inventory:

Missiles
 w - 10 curare-tipped darts
 L - 5 atropa-tipped darts
 M - 2 throwing nets
Armour
 a - the +1 troll leather armour "Xugaorep" (worn) {Will- Regen+ Str+3 Int+7}
   (You bought it in a shop on level 2 of the Orcish Mines)

   Str:       It affects your strength (+3).
   Int:       It affects your intelligence (+7).
   Regen:     It increases your rate of health regeneration.
   Will:      It decreases your willpower.
 h - a +0 cloak (worn)
 k - the +0 pair of gloves of Hedging (worn) {rPois Dex+2}
   (You bought it in a shop on level 1 of the Snake Pit)

   Dex:       It affects your dexterity (+2).
   rPois:     It protects you from poison.
 G - a +2 helmet of intelligence (worn)
 Q - a +1 buckler (worn)
Jewellery
 c - a ring of willpower (left hand)
 p - the ring "Okedibb" (right hand) {rC+ rCorr}
   (You bought it in a shop on level 2 of the Orcish Mines)

   [ring of protection from cold]

   rC:        It protects you from cold.
   rCorr:     It protects you from acid and corrosion.
 s - the dreamshard necklace {*Dream Drain}
   (You found it on level 2 of the Snake Pit)

   [amulet of nothing]

   It shatters if its wearer takes lethal or near-lethal damage, preventing the
   blow and releasing protective dreams that heal and fight for the wearer.
   Drain:     It drains your maximum health when unequipped.
 y - a +4 ring of evasion
 B - a ring of see invisible
 T - the ring "Imoukyr" {+Blink rPois rC- Str+4 Int+4}
   (You found it on level 4 of the Shoals)

   [ring of poison resistance]

   Str:       It affects your strength (+4).
   Int:       It affects your intelligence (+4).
   rC:        It makes you vulnerable to cold.
   rPois:     It protects you from poison.
   +Blink:    It lets you blink.
 U - a +6 ring of intelligence
 X - an amulet of regeneration (around neck)
Wands
 j - a wand of digging (21)
 t - a wand of mindburst (12)
 z - a wand of charming (10)
 H - a wand of iceblast (6)
 O - a wand of flame (6)
 R - a wand of polymorph (6)
Scrolls
 b - 3 scrolls of enchant armour
 e - 6 scrolls of identify
 f - 4 scrolls of immolation
 g - a scroll of silence
 i - 3 scrolls of magic mapping
 l - 2 scrolls of teleportation
 q - 7 scrolls of noise
 v - 4 scrolls of fear
 A - 2 scrolls of poison
 E - 3 scrolls of fog
 I - 5 scrolls of vulnerability
 P - a scroll of blinking
 S - a scroll of summoning
Potions
 d - 9 potions of lignification
 m - a potion of curing
 n - 3 potions of haste
 o - 7 potions of attraction
 r - 2 potions of cancellation
 x - 2 potions of mutation
 F - 2 potions of brilliance
 K - 3 potions of resistance
 W - a potion of ambrosia
Miscellaneous
 u - a lightning rod (4/4)
 J - a condenser vane


   Skills:
 - Level 20.2 Fighting
 - Level 4.0 Armour
 - Level 20.0 Dodging
 - Level 1.6 Stealth
 - Level 4.0 Shields
 * Level 14.7 Spellcasting
 - Level 9.5 Evocations


You couldn't memorise any spells.
You knew the following spells:

 Your Spells              Type           Power      Damage    Failure   Level
a - Shock                 Conj/Air       100%       1d9       0%          1
b - Static Discharge      Conj/Air       93%        3-15/arc  0%          2
c - Swiftness             Air            93%        N/A       1%          3
d - Airstrike             Air            46%        2d(7-23)  1%          4
e - Summon Small Mammal   Summ           100%       N/A       0%          1
f - Poisonous Vapours     Pois/Air       100%       N/A       0%          2
g - Portal Projectile     Hex/Tloc       100%       N/A       1%          3
h - Summon Ice Beast      Ice/Summ       93%        N/A       1%          4
i - Petrify               Tmut/Erth      93%        N/A       1%          4
j - Fireball              Conj/Fire      46%        3d18      1%          5
k - Statue Form           Tmut/Erth      62%        N/A       1%          6
l - Simulacrum            Ice/Necr       46%        N/A       1%          6
m - Monstrous Menagerie   Summ           46%        N/A       4%          7
Your spell library was empty.

Dungeon Overview and Level Annotations

Branches:
Dungeon (15/15)            Temple (1/1) D:7            Lair (5/5) D:10
 Shoals (4/4) Lair:2        Snake (4/4) Lair:3        Slime (0/5) Lair:4
    Orc (2/2) D:11            Elf (0/3) Orc:2        Vaults (1/5) D:13
 Depths (0/4) D:15          IceCv (visited)

Altars:
Ashenzari
Cheibriados
Dithmenos
Elyvilon
Fedhas
Gozag
Hepliaklqana
Makhleb
Nemelex Xobeh
Okawaru
Qazlal
Ru
Trog
Uskayaw
Wu Jian
Xom
Yredelemnul
Zin
The Shining One
Lugonu

Shops:
Orc:2 (![=(   Shoals:1 =   Shoals:2 *   Shoals:3 (   Snake:1 [   Snake:4 !

Annotations:
D:2 Sigmund
D:11 2 transporters
Snake:1 2 transporters, Quickbrownfox's ghost, adept DsIE


Innate Abilities, Weirdness & Mutations

You are immune to sickness and miasma.
You are immune to poison.
Your flesh is very heat resistant. (rF++)
You are vulnerable to cold. (rC-)
You float through the air rather than walking.
You learn spells naturally, not from books.
Your magical power is your life essence.
You have superior vitality. (+4 MHP)


Message History

Confirm with . or Enter, or press ? or * to list all spells.
Aiming: Airstrike (safe; 1% risk of failure)
Press: ? - help, Dir - move target, f - yaktaur
Aim: a yaktaur, wielding a +0 arbalest (ally target, empty space bonus: 6/8)
The air twists around and strikes the yaktaur!!
The yaktaur is moderately wounded.
* * * LOW HITPOINT WARNING * * *
The yaktaur shoots a bolt.
The bolt misses you.
Casting: Airstrike (safe; 1% risk of failure)
Confirm with . or Enter, or press ? or * to list all spells.
Aiming: Airstrike (safe; 1% risk of failure)
Press: ? - help, Dir - move target, f/p - yaktaur
Aim: a yaktaur, wielding a +0 arbalest (moderately wounded, ally target, empty space bonus: 6/8)
The air twists around and strikes the yaktaur!!
The yaktaur is almost dead.
* * * LOW HITPOINT WARNING * * *
The yaktaur shoots a bolt.
The bolt hits your manticore!!
Your manticore dies!
Your manticore's corpse disappears in a puff of smoke!
Press: ? - help, v - describe, . - travel
Here: an ironbound thunderhulk, wielding a +0 dire flail and wearing a +0 animal skin A broken door.
Unknown command.
Casting: Airstrike (safe; 1% risk of failure)
Confirm with . or Enter, or press ? or * to list all spells.
Aiming: Airstrike (safe; 1% risk of failure)
Press: ? - help, Dir - move target, f/p - yaktaur
Aim: a yaktaur, wielding a +0 arbalest (almost dead, empty space bonus: 5/8)
The air twists around and strikes the yaktaur!!
You kill the yaktaur!
Makhleb accepts your kill.
You feel better.
* * * LOW HITPOINT WARNING * * *
Casting: Airstrike (safe; 1% risk of failure)
Confirm with . or Enter, or press ? or * to list all spells.
You feel quick.
* * * LOW HITPOINT WARNING * * *
Electricity crackles from the ironbound thunderhulk's apparatus.
The bolt of lightning hits you!!!
You die...

########....c.# ###
#......#......# #.#
#.....)c......# #.#
#.....O#......# +.#
#......######## #.# #....).# ##p#
#......# #######..# #......#
...#.).)## #....@.#
...#.#)#####......#
Y.)).#....##......# #####
...###..[.##......# ##...## ####
###'######+###### ##.....##
########p............###..###..##
.......#.....###.....##..## ##..#
.......#.......#.....'..## ##..
.......#...#######...#..# #..


You could see an ironbound thunderhulk and a yaktaur.

Vanquished Creatures
  Saint Roka (Vaults:1)
  Mlioglotl (Shoals:4)
  2 quicksilver dragons
  2 sphinxes (Shoals:4)
  A kraken (Shoals:2)
  Kirke (D:13)
  3 nagarajas (Snake:4)
  3 vault wardens (Vaults:1)
  Aizul (Snake:1)
  A broodmother (shapeshifter) (D:13)
  3 ironbound preservers
  An ironbound thunderhulk (Vaults:1)
  5 dire elephants (Vaults:1)
  2 minotaurs (Shoals:4)
  2 fire dragons
  Snorg (D:12)
  2 ettins
  5 merfolk impalers
  2 boulder beetles
  Erolcha (D:11)
  A great orb of eyes (Vaults:1)
  A salamander tyrant (Snake:1)
  An ice dragon (IceCv)
  7 hydras
  3 alligator snapping turtles
  11 centaur warriors
  2 ogre magi (Orc:2)
  A catoblepas (Lair:1)
  A merfolk aquamancer (Shoals:3)
  A merfolk avatar (Shoals:1)
  2 death knights (D:13)
  6 naga warriors
  10 satyrs (Shoals:4)
  7 anacondas
  18 two-headed ogres
  3 tengu warriors
  12 naga sharpshooters
  7 shock serpents
  Sonja (Lair:3)
  3 salamander mystics
  3 skeletal warriors
  Amaemon (Lair:1)
  11 deep trolls
  5 naga ritualists
  3 wizards (Vaults:1)
  A swamp dragon (Lair:5)
  9 sea snakes
  10 harpies
  An orc knight (D:15)
  An ironbound convoker (Vaults:1)
  A necromancer (D:15)
  3 deep elf pyromancers
  2 lindwurms (Vaults:1)
  7 mana vipers
  9 fauns
  8 cyclopes
  9 salamanders
  9 ugly things
  27 black mambas
  3 rust devils (D:9)
  11 manticores
  3 elephants (Lair:1)
  3 water nymphs
  3 guardian serpents (Snake:4)
  4 gargoyles
  A guardian serpent (shapeshifter) (D:15)
  7 merfolk sirens
  12 naga magi
  2 vault sentinels (Vaults:1)
  2 orange demons
  6 cane toads
  A nameless horror (Vaults:1)
  7 rime drakes
  6 komodo dragons
  A kobold demonologist (D:13)
  A freezing wraith (D:13)
  An efreet (D:15)
  An ice devil (D:9)
  A tengu conjurer (D:15)
  9 yaktaurs (Vaults:1)
  21 merfolk
  7 trolls
  A hornet (D:8)
  7 polar bears
  16 blink frogs
  6 wind drakes
  6 dream sheep (Lair:5)
  4 slime creatures
  8 snapping turtles
  A shadow (D:11)
  A centaur simulacrum (D:15)
  3 wyverns
  19 yaks
  3 basilisks
  2 water elementals
  2 wraiths
  4 hogs (D:13)
  A steam dragon (Lair:5)
  7 vampire mosquitoes
  A chaos spawn (D:9)
  38 nagas
  2 wargs
  An acid dragon (D:13)
  15 water moccasins
  12 orc warriors
  2 swamp drakes (Lair:5)
  6 black bears
  A sky beast (D:6)
  An ice beast (D:7)
  14 wolves
  The ghost of Xenoroth98 the Pure, an amateur DsAK of Lugonu (D:3)
  29 ogres
  8 centaurs
  3 kobold brigands
  6 phantoms
  A gnoll sergeant (D:5)
  10 bullfrogs
  A necrophage (D:6)
  5 scorpions
  8 wights
  13 killer bees
  3 howler monkeys
  2 quasits (D:9)
  3 jellies (Lair:4)
  7 orc priests
  5 hounds
  9 iguanas
  13 orc wizards
  6 ogre zombies (D:11)
  A boggart simulacrum (D:15)
  8 gnolls
  4 adders
  2 ufetubi
  A worm (D:2)
  2 adder zombies (D:3)
  3 dart slugs
  52 orcs
  5 endoplasms
  2 giant cockroaches (D:1)
  6 goblins
  7 hobgoblins
  2 jackals (D:2)
  2 quokkas
  6 ball pythons
  A ball python zombie (D:3)
  3 bats (D:3)
  4 frilled lizards
  3 goblin zombies (D:11)
  2 hobgoblin skeletons (D:11)
  14 kobolds
  5 orc skeletons (D:11)
  8 orc zombies (D:11)
  A quokka zombie (D:3)
  5 rats
837 creatures vanquished.

Vanquished Creatures (collateral kills)
  An orc warlord (Vaults:1)
  A vault warden (Vaults:1)
  2 ironbound preservers (Vaults:1)
  An ironbound thunderhulk (Vaults:1)
  2 dire elephants (Vaults:1)
  A yaktaur captain (Vaults:1)
  A hydra (D:14)
  A salamander tyrant (Snake:3)
  3 anacondas
  An ironbound frostheart (Vaults:1)
  An ogre mage (Orc:2)
  5 centaur warriors
  4 two-headed ogres
  A naga warrior (Snake:2)
  A deep troll earth mage (Vaults:1)
  A shock serpent (Snake:2)
  A salamander mystic (Snake:1)
  4 sea snakes
  7 deep trolls (Vaults:1)
  A skeletal warrior (D:14)
  An orc knight (D:15)
  4 lindwurms (Vaults:1)
  An ironbound convoker (Vaults:1)
  A necromancer (D:14)
  3 harpies
  An orc sorcerer (D:15)
  5 mana vipers
  2 salamanders
  2 ugly things (Vaults:1)
  2 cyclopes (D:13)
  A manticore (D:13)
  5 black mambas
  2 vault sentinels (Vaults:1)
  A merfolk siren (Shoals:4)
  A naga mage (Snake:2)
  2 guardian serpents (Snake:4)
  A cane toad (Lair:4)
  An efreet (D:14)
  2 komodo dragons
  2 merfolk
  A blink frog (Lair:4)
  5 slime creatures
  4 yaks
  A ynoxinul (D:9)
  A hog (D:13)
  2 vampire mosquitoes (D:13)
  A warg (Vaults:1)
  7 nagas
  A swamp drake (Lair:5)
  2 orc warriors
  A wolf (Lair:4)
  7 centaurs
  A bullfrog (D:8)
  A gnoll sergeant (D:7)
  3 killer bees (D:8)
  A hound (D:6)
  An orc priest (D:9)
  2 orc wizards
  An adder (D:5)
  A gnoll (D:7)
  2 orcs
  A goblin skeleton (D:11)
127 creatures vanquished.

Vanquished Creatures (others)
  24 fungi
  44 plants
  23 tentacles (Shoals:2)
91 creatures vanquished.

Grand Total: 1055 creatures vanquished

Notes
Turn   | Place    | Note
-------+----------+-------------------------------------------
     0 | D:1      | CungeonDrawl the Djinni Air Elementalist began the quest
                  | for the Orb.
     0 | D:1      | CungeonDrawl set off with the following spells memorised:
                  | Shock, Static Discharge, Swiftness, Airstrike.
     0 | D:1      | Reached XP level 1. HP: 15/15 MP: 0/0
   266 | D:1      | Reached XP level 2. HP: 10/21 MP: 0/0
   833 | D:1      | Found a faded altar of an unknown god.
  1148 | D:2      | Reached XP level 3. HP: 22/25 MP: 0/0
  1148 | D:2      | Learned a level 1 spell: Summon Small Mammal
  1698 | D:2      | Noticed Sigmund
  2131 | D:2      | You are sucked into a shaft and drop 2 floors!
  2139 | D:4      | Noticed a scorpion
  2224 | D:3      | Found a runed translucent door.
  2224 | D:3      | Noticed Xenoroth98's ghost (amateur DsAK)
  2541 | D:3      | Reached XP level 4. HP: 28/31 MP: 0/0
  2827 | D:3      | Found a basalt altar of Yredelemnul.
  3346 | D:3      | Reached XP level 5. HP: 28/35 MP: 0/0
  3346 | D:3      | Learned a level 2 spell: Poisonous Vapours
  3631 | D:3      | Killed Xenoroth98's ghost
  3632 | D:3      | Reached XP level 6. HP: 4/40 MP: 0/0
  3954 | D:4      | Reached skill level 5 in Spellcasting
  4193 | D:4      | Noticed an ogre
  4205 | D:4      | Killed an ogre
  4306 | D:4      | Reached XP level 7. HP: 41/45 MP: 0/0
  4306 | D:4      | Learned a level 3 spell: Portal Projectile
  4539 | D:4      | Found an opulent altar of Gozag.
  4539 | D:4      | Found a shadowy altar of Dithmenos.
  5167 | D:5      | Entered Level 5 of the Dungeon
  5668 | D:5      | Reached XP level 8. HP: 21/50 MP: 0/0
  6595 | D:5      | Reached skill level 1 in Fighting
  6932 | D:5      | Reached XP level 9. HP: 45/61 MP: 0/0
  6932 | D:5      | Learned a level 4 spell: Summon Ice Beast
  7684 | D:5      | Reached skill level 5 in Fighting
  9245 | D:7      | Found a staircase to the Ecumenical Temple.
  9255 | Temple   | Entered the Ecumenical Temple
  9336 | Temple   | Became a worshipper of Makhleb the Destroyer
  9655 | D:7      | Reached XP level 10. HP: 55/73 MP: 0/0
 10156 | D:7      | Noticed a two-headed ogre
 10169 | D:7      | Killed a two-headed ogre
 10480 | D:7      | Found a blossoming altar of Fedhas.
 10855 | D:7      | Reached * piety under Makhleb
 11012 | D:8      | Reached skill level 10 in Fighting
 11252 | D:8      | Found a stormy altar of Qazlal.
 11484 | D:8      | Found a hide-covered altar of Uskayaw.
 11484 | D:8      | Found a broken altar of Ashenzari.
 11721 | D:8      | Noticed a two-headed ogre
 11728 | D:8      | Killed a two-headed ogre
 11729 | D:8      | Reached XP level 11. HP: 74/87 MP: 0/0
 11729 | D:8      | Learned a level 4 spell: Petrify
 12355 | D:9      | Noticed a two-headed ogre
 12366 | D:9      | Killed a two-headed ogre
 12738 | D:9      | Reached ** piety under Makhleb
 12907 | D:9      | Found a sacrificial altar of Ru.
 12910 | D:9      | Identified the +2 leather armour "Anoujah" {+Inv rPois}
 14326 | D:10     | Entered Level 10 of the Dungeon
 14432 | D:10     | Noticed a two-headed ogre
 14714 | D:10     | Found a staircase to the Lair.
 14775 | D:10     | Killed a two-headed ogre
 15110 | D:11     | Reached XP level 12. HP: 81/101 MP: 0/0
 15217 | D:11     | Noticed Erolcha
 15225 | D:11     | Killed Erolcha
 15395 | D:11     | Noticed a two-headed ogre
 15422 | D:11     | Killed a two-headed ogre
 15480 | D:11     | Noticed a cyan very ugly thing
 15481 | D:11     | Found a transporter.
 15483 | D:11     | Found a corrupted altar of Lugonu.
 15483 | D:11     | Found a transporter.
 15494 | D:11     | Reached skill level 15 in Fighting
 16023 | D:11     | Found a staircase to the Orcish Mines.
 16191 | D:11     | Reached *** piety under Makhleb
 16590 | D:11     | Noticed an ettin
 16718 | D:11     | Noticed a fire dragon
 16755 | D:12     | Noticed Snorg
 16902 | D:12     | Noticed a boulder beetle
 16922 | D:12     | Killed a boulder beetle
 17054 | D:12     | Killed Snorg
 17100 | D:12     | Noticed a two-headed ogre
 17103 | D:12     | Killed a two-headed ogre
 17155 | D:12     | Noticed a two-headed ogre
 17469 | D:12     | Identified the +10 halberd of Purpose {drain, Will+ Dex+2}
 17698 | D:12     | Reached XP level 13. HP: 63/112 MP: 0/0
 17698 | D:12     | Learned a level 5 spell: Fireball
 17880 | D:13     | Noticed a centaur warrior
 17887 | D:13     | Killed a centaur warrior
 18097 | D:13     | Noticed Kirke
 18126 | D:13     | Noticed a sphinx
 18126 | D:13     | Killed Kirke
 18205 | D:13     | Reached skill level 10 in Spellcasting
 18538 | D:13     | Noticed a six-headed hydra
 18546 | D:13     | Killed a six-headed hydra
 18561 | D:13     | Noticed a centaur warrior
 18834 | D:13     | Noticed a centaur warrior
 18835 | D:13     | Noticed a centaur warrior
 18846 | D:13     | Killed a centaur warrior
 18997 | D:13     | Killed a centaur warrior
 19259 | D:13     | Found a gate to the Vaults.
 19259 | D:13     | Noticed an ironbound preserver
 19340 | D:13     | Killed an ironbound preserver
 19579 | D:13     | Killed a centaur warrior
 19697 | D:13     | Noticed a centaur warrior
 19702 | D:13     | Killed a centaur warrior
 19822 | D:13     | Noticed an ettin
 20010 | D:13     | Killed an ettin
 20010 | D:13     | Reached **** piety under Makhleb
 20137 | D:13     | Reached XP level 14. HP: 111/121 MP: 0/0
 20517 | D:13     | Noticed a broodmother
 20536 | D:13     | Killed a broodmother
 21669 | Lair:1   | Entered Level 1 of the Lair of Beasts
 22017 | Lair:1   | Noticed Amaemon
 22021 | Lair:1   | Killed Amaemon
 22915 | Lair:2   | Found a staircase to the Shoals.
 23757 | Lair:3   | Reached skill level 5 in Dodging
 24367 | Lair:3   | Found a staircase to the Snake Pit.
 24629 | Lair:3   | Noticed Sonja
 24632 | Lair:3   | Killed Sonja
 25102 | Lair:4   | Found a runed translucent door.
 25109 | Lair:4   | Found a staircase to the Slime Pits.
 25809 | Lair:5   | Entered Level 5 of the Lair of Beasts
 25812 | Lair:5   | Reached XP level 15. HP: 129/130 MP: 0/0
 25812 | Lair:5   | Learned a level 6 spell: Statue Form
 26021 | Lair:5   | Reached ***** piety under Makhleb
 26284 | Lair:5   | Reached skill level 10 in Dodging
 27893 | D:14     | Reached skill level 1 in Armour
 27893 | D:14     | Reached skill level 1 in Shields
 28389 | D:15     | Entered Level 15 of the Dungeon
 28714 | D:15     | Found a sparkling altar of Nemelex Xobeh.
 29236 | D:15     | Found a staircase to the Depths.
 29400 | D:15     | Reached XP level 16. HP: 135/138 MP: 0/0
 30075 | Orc:1    | Entered Level 1 of the Orcish Mines
 30175 | Orc:2    | Entered Level 2 of the Orcish Mines
 30200 | Orc:2    | Found Xoakun's Antique Weapon Shoppe.
 30256 | Orc:2    | Found a staircase to the Elven Halls.
 30503 | Orc:2    | Paralysed by an ogre mage for 3 turns
 30858 | Orc:2    | Reached ****** piety under Makhleb
 30871 | Orc:2    | Reached skill level 15 in Dodging
 31018 | Orc:2    | Found Neofijon's Jewellery Shoppe.
 31018 | Orc:2    | Found Assoupul's Distillery.
 31019 | Orc:2    | Found Neul's Weapon Boutique.
 31019 | Orc:2    | Found Ryubb's Antique Armour Shoppe.
 31071 | Orc:2    | Bought an amulet of regeneration for 480 gold pieces
 31071 | Orc:2    | Bought the ring "Okedibb" {rC+ rCorr} for 601 gold pieces
 31073 | Orc:2    | Bought a faintly humming troll leather armour for 520 gold
                  | pieces
 31073 | Orc:2    | Identified the +1 troll leather armour "Xugaorep" {Will-
                  | Regen+ Str+3 Int+7} (You bought it in a shop on level 2 of
                  | the Orcish Mines)
 31143 | Orc:2    | Bought a potion of degeneration for 15 gold pieces
 31143 | Orc:2    | Bought a potion of berserk rage for 75 gold pieces
 31143 | Orc:2    | Bought a potion of cancellation for 120 gold pieces
 31524 | Orc:1    | You are sucked into a shaft and drop 1 floor!
 31781 | Snake:1  | Entered Level 1 of the Snake Pit
 32100 | Snake:1  | Noticed Aizul
 32110 | Snake:1  | Killed Aizul
 32125 | Snake:1  | Found Usidao's Antique Armour Shop.
 32134 | Snake:1  | Bought a pair of faintly humming gloves for 209 gold pieces
 32134 | Snake:1  | Identified the +0 pair of gloves of Hedging {rPois Dex+2}
                  | (You bought it in a shop on level 1 of the Snake Pit)
 32146 | Snake:1  | Found a transporter.
 32219 | Snake:1  | Noticed Quickbrownfox's ghost (adept DsIE)
 32222 | Snake:1  | Found a transporter.
 32482 | Snake:1  | Reached XP level 17. HP: 103/143 MP: 0/0
 32482 | Snake:1  | Learned a level 6 spell: Simulacrum
 32487 | Snake:1  | Reached skill level 1 in Evocations
 32692 | Snake:1  | Found a bloodstained altar of Trog.
 32873 | Snake:2  | Found the dreamshard necklace {*Dream Drain}
 33041 | Snake:2  | Reached skill level 5 in Evocations
 35158 | Orc:2    | Bought a potion of heal wounds for 75 gold pieces
 35158 | Orc:2    | Bought a potion of brilliance for 60 gold pieces
 35158 | Orc:2    | Bought a potion of curing for 45 gold pieces
 35158 | Orc:2    | Bought a potion of heal wounds for 75 gold pieces
 35158 | Orc:2    | Bought a potion of resistance for 150 gold pieces
 35367 | Snake:4  | Entered Level 4 of the Snake Pit
 35517 | Snake:4  | Found Voke's Distillery.
 35906 | Snake:4  | Noticed a quicksilver dragon
 36028 | Snake:3  | Killed a quicksilver dragon
 36029 | Snake:3  | Reached XP level 18. HP: 93/149 MP: 0/0
 36213 | Snake:4  | Noticed a quicksilver dragon
 36223 | Snake:4  | Killed a quicksilver dragon
 36703 | Snake:4  | Got a serpentine rune of Zot
 36943 | Shoals:1 | Entered Level 1 of the Shoals
 37387 | Shoals:1 | Found Oxkom's One-of-a-Kind Rings.
 37794 | Shoals:2 | Found Wimpu's Mass Market.
 37801 | Shoals:2 | Found a frozen archway.
 37816 | IceCv    | Entered an ice cave
 37976 | IceCv    | HP: 1/149 [ice dragon/blast of cold (34)]
 38434 | Shoals:2 | Noticed a kraken
 39104 | Shoals:2 | Killed a kraken
 39697 | Shoals:3 | Found Xoos's Antique Weapon Boutique.
 40457 | Shoals:4 | Entered Level 4 of the Shoals
 40488 | Shoals:4 | Noticed Mlioglotl
 40639 | Shoals:4 | Killed Mlioglotl
 40883 | Shoals:4 | Reached XP level 19. HP: 152/156 MP: 0/0
 40883 | Shoals:4 | Learned a level 7 spell: Monstrous Menagerie
 41362 | Shoals:4 | Got a barnacled rune of Zot
 41364 | Shoals:4 | Identified the ring "Imoukyr" {+Blink rPois rC- Str+4
                  | Int+4}
 42475 | Snake:4  | Bought a potion of heal wounds for 65 gold pieces
 42475 | Snake:4  | Bought a potion of heal wounds for 65 gold pieces
 42475 | Snake:4  | Bought a potion of cancellation for 104 gold pieces
 42863 | Vaults:1 | Entered Level 1 of the Vaults
 43025 | Vaults:1 | Noticed Saint Roka
 43189 | Vaults:1 | Killed Saint Roka
 44429 | Vaults:1 | Reached XP level 20. HP: 82/162 MP: 0/0
 45030 | Vaults:1 | Killed from afar by an ironbound thunderhulk

Illustrated notes

Levels and vault maps discovered:
D:1:      minmay_arrival_wavy_path, layout_rooms,
          hellmonk_ecumenical_altar_arch_garden
D:2:      layout_rooms, minmay_misc_feat_tower, uniq_sigmund
D:3:      layout_loops_corners, nicolae_yredelemnul_corpse_copse,
          hellmonk_ghost_happy_afterlife, nicolae_elevator_lobby_asterisk
D:4:      layout_basic, gammafunk_temple_overflow_elements
D:5:      minmay_thinvault, layout_basic
D:6:      layout_loops_cross, serial_glass, glass_columns_b, glass_columns_b
D:7:      layout_loops_corners, fedhas_altar_fruit_tree,
          minmay_temple_entry_sparse_star
D:8:      layout_loops_cross, mainiacjoe_overflow_divided_tiny,
          kennysheep_little_box, serial_glass, glass_columns_c, glass_columns_a,
          feat_on_display, feat_on_display, item_on_display_a
D:9:      layout_roguey, nicolae_ru_sacrificial_ziggurat, serial_demonic,
          serial_demonic_d, serial_demonic_d, serial_demonic_d,
          serial_demonic_a, corexii_leaking_fountain
D:10:     layout_cave_pools, lair_entry_dummy, kennysheep_generic_room_14
D:11:     gammafunk_corrupted_shrine, layout_basic, zombieorc1_lemuel,
          uniq_erolcha
D:12:     layout_long_grid, kennysheep_generic_room_15, uniq_snorg
D:13:     layout_small_grid, skrybe_vaults_entry_preservation,
          minmay_checkered_concentric_circles, uniq_kirke
D:14:     layout_loops_ring, chequers_serial_rivers_small_a, chequers_jeans
D:15:     hangedman_depths_entry_civil_slaughter, layout_long_grid,
          nemelex_lonely_heart_becter
Temple:   compressed_dpeg_circular_temple
Lair:1:   layout_regular_city, grunt_megastairs_2, lemuel_fruit_fields,
          uniq_amaemon
Lair:2:   layout_small_grid, elwin_shoals_entry_stream
Lair:3:   layout_cave_pods, minmay_snake_entry_guardpost_medium,
          infiniplex_staircase_pool_2, uniq_sonja
Lair:4:   layout_regular_city, slime_entry_2, grunt_megastairs_5
Lair:5:   guppyfry_lair_end_dragon, layout_regular_city
Shoals:1: cheibrodos_shoals_roost, layout_shoals, nicolae_shop_unique_rings
Shoals:2: layout_shoals, portal_ice_cave_entry_pillars_1, minmay_shop_mass
Shoals:3: layout_shoals, serial_shops, nicolae_shop_waterfront
Shoals:4: shoals_end_hellmonk_lost_city, uniq_mlioglotl
Snake:1:  layout_misc_corridors, serial_shops, shop,
          gammafunk_ghost_wrathful_warriors, uniq_aizul
Snake:2:  layout_misc_corridors, grunt_ministairs_8
Snake:3:  layout_cave_town, nicolae_triple_integral
Snake:4:  hellmonk_snake_rune_quicksilver_temple, layout_basic, serial_shops,
          shop
Orc:1:    layout_caves
Orc:2:    st_orc_ogre_mass, layout_diamond_mine, serial_shops,
          nicolae_shop_overgrown_old_shop
Vaults:1: nicolae_vaults_little_squares_3, nicolae_vaults_c_with_doors,
          nicolae_vaults_network_star, nicolae_vaults_little_ls,
          ontoclasm_vaults_tryst, v_misc_13, vaults_room_ringed_pool,
          nicolae_vaults_little_squares_4, nicolae_vaults_what_the_h,
          v_pattern_3, vaults_dpeg_spiral, vaults_dpeg_encased_lava,
          layout_vaults_maze_bifur, uniq_saint_roka

Skill      XL: |  1  2  3  4  5  6  7  8  9 10 11 12 13 14 15 16 17 18 19 |
---------------+----------------------------------------------------------+-----
Spellcasting   | 3 4 5 6 7 8 10 11 14 | 14.7
Fighting       | 3 6 11 14 17 18 20 | 20.2
Dodging        | 8 12 17 18 20 | 20.0
Armour         | 4 |  4.0
Shields        | 4 |  4.0
Evocations     | 9 |  9.5
Stealth        | |  1.6

Action                   |  1- 3 |  4- 6 |  7- 9 | 10-12 | 13-15 | 16-18 | 19-21 || total
-------------------------+-------+-------+-------+-------+-------+-------+-------++-------
Melee: Unarmed           |       |       |       |       |     4 |     6 |       ||    10
 Cast: Shock             |    87 |    51 |    69 |    17 |       |       |     1 ||   225
       Static Discharge  |       |     9 |    14 |     4 |       |       |       ||    27
       Poisonous Vapours |       |     5 |    35 |    56 |    80 |    59 |    29 ||   264
       Summon Small Mamm |       |     4 |     6 |     1 |     5 |     5 |     1 ||    22
       Swiftness         |       |     1 |     5 |     2 |     8 |     2 |     1 ||    19
       Airstrike         |       |       |    51 |   264 |   641 |   965 |   307 ||  2228
       Summon Ice Beast  |       |       |     7 |    37 |    70 |   147 |    39 ||   300
       Fireball          |       |       |       |       |    19 |    50 |    51 ||   120
       Petrify           |       |       |       |       |       |     1 |       ||     1
       Monstrous Menager |       |       |       |       |       |       |    24 ||    24
       Statue Form       |       |       |       |       |       |       |     4 ||     4
Evoke: Wand              |       |       |       |       |     2 |       |       ||     2
  Use: Scroll            |       |       |     6 |     6 |    13 |    14 |     9 ||    48
       Potion            |       |       |       |       |    11 |     8 |     8 ||    27
Armor: Robe              |       |     2 |     6 |       |       |       |       ||     8
       Leather armour    |       |       |     2 |     8 |       |       |       ||    10
       Troll leather arm |       |       |       |     3 |    44 |    34 |     8 ||    89
       Skin              |       |       |       |       |       |       |    46 ||    46
Dodge: Dodged            |     4 |     5 |    14 |    31 |   170 |   284 |   184 ||   692
Block: Other             |       |       |       |       |    48 |       |       ||    48
       Reflection        |       |       |       |       |    12 |     5 |       ||    17
       Buckler           |       |       |       |       |    21 |    84 |    61 ||   166
